 Dungeon Crawl Stone Soup version 0.21.0 (webtiles) character file.

188253 tsouns the Eclecticist (level 17, -14/108 HPs)
             Began as a Deep Elf Fire Elementalist on Jan 6, 2018.
             Was a High Priest of Vehumet.
             Killed from afar by a nagaraja (23 damage)
             ... with an orb of energy
             ... on level 4 of the Snake Pit on Jan 7, 2018.
             The game lasted 03:06:49 (33935 turns).

tsouns the Eclecticist (DEFE)                      Turns: 33935, Time: 03:06:49

Health: -14/108    AC: 23    Str:  5    XL:     17   Next: 90%
Magic:  11/43      EV: 17    Int: 28    God:    Vehumet [*****.]
Gold:   417        SH:  8    Dex: 15    Spells: 5/56 levels left

rFire    + + .     SeeInvis +   T - +5 trident (holy)
rCold    . . .     Gourm    .   P - +3 buckler
rNeg     . . .     Faith    .   y - +6 leather armour "Aqioxziy" {rF++}
rPois    +         Spirit   .   Q - +0 hat of Unambiguity {rPois SInv}
rElec    .         Reflect  .   p - +2 cloak
rCorr    .         Harm     .   b - +2 pair of gloves
MR       ++...                  l - +2 pair of boots
Stlth    +++.......             a - amulet of magic regeneration
HPRegen  0.28/turn              i - +5 ring of protection
MPRegen  0.53/turn              J - ring of protection from magic

@: lethally poisoned (-14 -> -30)
A: no striking features
a: Renounce Religion


You were on level 4 of the Snake Pit.
You worshipped Vehumet.
Vehumet was extremely pleased with you.
You were not hungry.

You visited 7 branches of the dungeon, and saw 33 of its levels.
You also visited: Labyrinth and Trove.

You collected 2523 gold pieces.
You spent 2106 gold pieces at shops.

Inventory:

Hand Weapons
 T - a +5 trident of holy wrath (weapon)
Missiles
 Y - 3 throwing nets (quivered)
Armour
 b - a +2 pair of gloves (worn)
 l - a +2 pair of boots (worn)
 p - a +2 cloak (worn)
 y - the +6 leather armour "Aqioxziy" (worn) {rF++}
   (You bought it in a shop on level 2 of the Orcish Mines)

   It greatly protects you from fire.
 P - a +3 buckler (worn)
 Q - the +0 hat of Unambiguity (worn) {rPois SInv}
   (You bought it in a shop on level 9 of the Dungeon)

   It protects you from poison.
   It lets you see invisible.
Jewellery
 a - an amulet of magic regeneration (around neck)
 i - a +5 ring of protection (left hand)
 A - an uncursed ring of resist corrosion
 F - an uncursed ring of wizardry
 J - a ring of protection from magic (right hand)
 S - an uncursed ring of protection from cold
Wands
 f - a wand of iceblast (14)
 h - a wand of disintegration (26)
 j - a wand of paralysis (15)
 w - a wand of polymorph (25)
 D - a wand of flame (19)
 I - a wand of digging (35)
 L - a wand of enslavement (71)
 Z - a wand of clouds (3)
Scrolls
 g - 2 scrolls of vulnerability
 k - 9 scrolls of immolation
 m - a scroll of fear
 n - 7 scrolls of remove curse
 o - 6 scrolls of teleportation
 s - 3 scrolls of magic mapping
 B - 2 scrolls of fog
 E - 9 scrolls of identify
 H - a scroll of holy word
 K - 5 scrolls of amnesia
 V - 3 scrolls of enchant weapon
 X - a scroll of silence
Potions
 d - 10 potions of lignification
 e - 5 potions of curing
 q - 2 potions of flight
 r - 6 potions of brilliance
 t - 4 potions of might
 v - a potion of heal wounds
 x - 3 potions of haste
 z - 2 potions of cancellation
 C - a potion of resistance
 G - 2 potions of magic
 M - 2 potions of ambrosia
 N - 2 potions of agility
 U - 2 potions of mutation
 W - a potion of invisibility
Books
 O - a book of Summonings

   Spells                             Type                      Level
   a - Recall                         Summoning/Translocation      3
   b - Aura of Abjuration             Summoning                    5
   c - Summon Demon                   Summoning                    5
   d - Summon Forest                  Summoning/Translocation      5
   e - Summon Mana Viper              Hexes/Summoning              5
   f - Shadow Creatures               Summoning                    6
Miscellaneous
 R - a lamp of fire
Comestibles
 c - 30 rations


   Skills:
 + Level 13.0 Fighting
 + Level 3.6 Polearms
 - Level 9.2 Dodging
 - Level 5.5 Stealth
 - Level 4.1 Shields
 + Level 20.3 Spellcasting
 + Level 13.5 Conjurations
 - Level 1.1 Charms
 - Level 11.4 Summonings
 + Level 13.8 Fire Magic
 - Level 1.0 Ice Magic
 - Level 2.0 Poison Magic
 + Level 7.5 Evocations


You had 5 spell levels left.
You knew the following spells:

 Your Spells              Type           Power        Failure   Level  Hunger
a - Flame Tongue          Conj/Fire      #####        0%          1    None
b - Bolt of Fire          Conj/Fire      #######...   1%          6    None
c - Conjure Flame         Conj/Fire      #######.     1%          3    None
d - Sticky Flame          Conj/Fire      #######.     1%          4    None
e - Fireball              Conj/Fire      #######...   1%          5    None
f - Blink                 Tloc           N/A          3%          2    None
g - Mephitic Cloud        Conj/Pois/Air  ######..     1%          3    None
h - Call Imp              Summ           #######.     1%          2    None
i - Throw Icicle          Conj/Ice       ######..     1%          4    None
j - Shadow Creatures      Summ           N/A          3%          6    None
k - Summon Mana Viper     Hex/Summ       ######..     6%          5    None
l - Swiftness             Chrm/Air       ####....     2%          2    None
m - Regeneration          Chrm/Necr      ####......   5%          3    None
n - Iskenderun's Battles  Conj/Chrm      ######..     1%          5    None


Dungeon Overview and Level Annotations

Branches:
Dungeon (15/15)            Temple (1/1) D:4            Lair (6/6) D:8
 Shoals (4/4) Lair:3        Snake (4/4) Lair:4        Slime (0/5) Lair:6
    Orc (2/2) D:10            Elf (1/3) Orc:2        Vaults (0/5) D:13
 Depths (0/5) D:15

Altars:
Ashenzari
Cheibriados
Dithmenos
Elyvilon
Fedhas
Gozag
Hepliaklqana
Kikubaaqudgha
Makhleb
Nemelex Xobeh
Okawaru
Qazlal
Ru
Sif Muna
Trog
Uskayaw
Vehumet
Wu Jian
Xom
Yredelemnul
Zin
The Shining One
Beogh

Shops:
D:8 %   D:9 *=[[   Orc:1 :   Orc:2 ?[(   Snake:1 (*   Snake:2 (![*[

Annotations:
D:3 p0werm0de's ghost, weakling HuCj
Snake:4 exclusion: Roxanne, Mara; Roxanne


Message History

* * * LOW HITPOINT WARNING * * *
Your salamander mystic barely misses the shock serpent.
Unknown command.
Unknown command.
Casting: Flame Tongue
Confirm with . or Enter, or press ? or * to list all spells.
Aiming: Sticky Flame
Press: ? - help, Shift-Dir - straight line, f/p - shock serpent
Aim: a shock serpent (almost dead)
The sticky flame hits the shock serpent.
You kill the shock serpent!
Vehumet accepts your kill.
You feel your power returning.
Your lamp of fire has recharged.
* * * LOW HITPOINT WARNING * * *
You feel sick. The nagaraja spits poison at you.
The splash of poison misses you. The nagaraja casts a spell at you.
The orb of energy hits you!
You die...

*,,,,,,,,,,,***#..#/.......##..N
*,,,,,,,,,,** ##..######.####R.#
*,,,,,,.,,,* ##...#..N@...###(N#
*,,,,,,..,,*##........R#....(...
*,,,,,,....*#........R....######
*,,,,,,....##..N........#.#
*,,,,,,......N...†......#.##
******####....N.........†..#
#.......†@..#...#....#####
#.......#.................
#.......#.#######....#####
#......<..# #....# #.......###
#....# #...<...# ######
#.......# #.......# #########


You could see 2 Maras, a nagaraja, tsouns's illusion, a friendly salamander
mystic and 2 friendly salamanders.

Vanquished Creatures
  Bai Suzhen (Shoals:3)
  Vashnia (Snake:3)
  Nikola (Shoals:2)
  Polyphemus (Shoals:2)
  Agnes (Snake:1)
  A nagaraja (Snake:3)
  Donald (Snake:1)
  A stone giant (D:12)
  Nessos (Lair:5)
  A fire dragon (Lair:6)
  A merfolk javelineer (Shoals:1)
  A minotaur (Lab)
  3 merfolk impalers
  13 hydras
  8 naga warriors
  A merfolk avatar (Shoals:4)
  2 death knights
  4 vault guards (D:13)
  A catoblepas (Shoals:2)
  An ogre mage (D:15)
  7 anacondas
  5 merfolk aquamancers
  3 centaur warriors (D:13)
  A dancing weapon (Elf:1)
  2 satyrs (Shoals:3)
  7 two-headed ogres
  7 death yaks
  An orc high priest (Orc:2)
  A tengu warrior (D:15)
  9 shock serpents
  6 naga sharpshooters
  A salamander mystic (Snake:3)
  14 sea snakes
  2 wizards (D:15)
  An orc knight (Orc:1)
  2 unseen horrors
  5 deep elf magi
  3 naga ritualists
  Pikel (D:5)
  2 lindwurms
  12 harpies (Shoals:1)
  A necromancer (D:15)
  11 mana vipers
  6 ugly things
  7 manticores
  15 fauns
  5 salamanders
  9 elephants (Lair:4)
  An oklob plant (Lair:2)
  3 cyclopes
  6 orc sorcerers
  A guardian serpent (Snake:3)
  7 merfolk sirens
  34 black mambas
  2 molten gargoyles (Lair:6)
  2 gargoyles
  9 naga magi
  A rime drake (Lair:4)
  13 spiny frogs
  12 komodo dragons
  22 merfolk
  A tengu conjurer (D:15)
  6 meliai
  9 trolls
  A polar bear (shapeshifter) (D:15)
  6 slime creatures (D:14)
  2 hornets
  3 wind drakes
  15 dream sheep
  17 hippogriffs
  4 snapping turtles
  4 blink frogs (Lair:5)
  A meliai zombie (D:15)
  A centaur simulacrum (D:15)
  A tarantella (shapeshifter) (D:12)
  A vampire (D:14)
  4 wyverns
  19 water elementals
  42 yaks
  A vampire mosquito (D:12)
  6 basilisks
  2 steam dragons (Lair:6)
  A hungry ghost (D:14)
  44 nagas
  2 acid dragons
  10 water moccasins
  5 hell hounds (Lair:6)
  10 porcupines
  4 ice beasts
  21 orc warriors
  A meliai simulacrum (D:15)
  4 slaves
  2 black bears (D:6)
  A necrophage (D:8)
  4 sky beasts
  4 wolves
  16 ogres
  6 phantoms
  9 crocodiles
  10 centaurs
  4 big kobolds
  Blork the orc (D:5)
  15 bullfrogs
  An earth elemental (Lab)
  A wyvern zombie (D:12)
  A wyvern skeleton (D:14)
  6 scorpions
  A killer bee (D:12)
  17 wights
  3 howler monkeys
  8 centaur zombies
  2 electric eels
  4 crimson imps
  A bullfrog zombie (D:13)
  5 jellies
  2 lava snakes (Lair:6)
  3 hounds
  24 orc priests
  41 orc wizards
  2 bullfrog skeletons
  4 iguanas
  9 worker ants
  A killer bee zombie (D:6)
  A hound zombie (D:11)
  3 worker ant zombies
  7 adders
  5 shadow imps
  An adder zombie (D:9)
  A worm (D:2)
  A dart slug (D:1)
  6 leopard geckos
  111 orcs
  8 giant cockroaches
  8 goblins
  7 hobgoblins
  3 jackals (D:7)
  10 quokkas
  A ball python (D:2)
  4 bats
  3 frilled lizards
  10 kobolds
  A quokka zombie (D:7)
  7 rats
  19 plants
977 creatures vanquished.

Vanquished Creatures (collateral kills)
  Aizul (Snake:1)
  An anaconda (Snake:2)
  3 naga sharpshooters
  A salamander mystic (Snake:2)
  A mana viper (Snake:1)
  4 salamanders
  3 naga magi
  4 black mambas
  A naga (Snake:1)
  A crocodile (Lair:1)
  A fungus (Lair:5)
21 creatures vanquished.

Vanquished Creatures (others)
  A black mamba (Snake:4)
  3 fungi
  9 plants
13 creatures vanquished.

Grand Total: 1011 creatures vanquished

Notes
Turn   | Place    | Note
-------+----------+-------------------------------------------
     0 | D:1      | tsouns the Deep Elf Fire Elementalist began the quest for the Orb.
     0 | D:1      | Reached XP level 1. HP: 10/10 MP: 6/6
   128 | D:1      | Reached XP level 2. HP: 15/15 MP: 2/8
   134 | D:1      | Learned a level 2 spell: Throw Flame
   787 | D:2      | Reached XP level 3. HP: 19/19 MP: 5/9
   878 | D:2      | Reached skill level 1 in Shields
   914 | D:2      | Reached XP level 4. HP: 24/24 MP: 6/11
  1026 | D:2      | Found a faded altar of an unknown god.
  1102 | D:2      | Found a stormy altar of Qazlal.
  1238 | D:2      | Found a hide-covered altar of Uskayaw.
  1374 | D:3      | Reached skill level 4 in Spellcasting
  1403 | D:3      | Noticed p0werm0de's ghost (weakling HuCj)
  1422 | D:2      | Learned a level 3 spell: Conjure Flame
  1427 | D:2      | Learned a level 4 spell: Sticky Flame
  1506 | D:3      | Found a shattered altar of Ashenzari.
  1819 | D:3      | Reached XP level 5. HP: 28/28 MP: 10/13
  2312 | D:4      | Noticed a phantom
  2321 | D:4      | Killed a phantom
  2321 | D:4      | Reached XP level 6. HP: 32/32 MP: 7/15
  2501 | D:4      | Found a staircase to the Ecumenical Temple.
  2508 | Temple   | Entered the Ecumenical Temple
  2661 | D:4      | Reached skill level 5 in Spellcasting
  2864 | D:5      | Entered Level 5 of the Dungeon
  2870 | D:5      | Noticed Pikel
  2870 | D:5      | Noticed a slave
  2870 | D:5      | Noticed a slave
  2870 | D:5      | Noticed a slave
  2871 | D:5      | Noticed a slave
  2880 | D:5      | Killed a slave
  2904 | D:4      | Killed a slave
  3068 | D:5      | Killed a slave
  3074 | D:5      | Killed a slave
  3194 | D:5      | Killed Pikel
  3194 | D:5      | Reached skill level 5 in Fire Magic
  3194 | D:5      | Reached XP level 7. HP: 36/36 MP: 1/17
  3323 | D:5      | Got a transparent scale mail
  3334 | D:5      | Identified the +6 scale mail of Fulidez {rN++ Str+4} (You found it on level 5 of the Dungeon)
  3408 | D:5      | Reached skill level 6 in Spellcasting
  3627 | D:5      | Noticed Blork the orc
  3633 | D:5      | Killed Blork the orc
  3633 | D:5      | Reached XP level 8. HP: 41/41 MP: 19/19
  3727 | D:6      | Reached skill level 5 in Conjurations
  3794 | D:6      | Reached skill level 7 in Spellcasting
  3957 | D:6      | Found a bloodstained altar of Trog.
  4248 | D:7      | Reached skill level 8 in Spellcasting
  4264 | D:6      | Learned a level 5 spell: Fireball
  4496 | D:7      | Noticed a hippogriff
  4518 | D:6      | Killed a hippogriff
  4518 | D:6      | Reached XP level 9. HP: 33/45 MP: 4/23
  4697 | D:7      | Found an iron altar of Okawaru.
  5171 | D:7      | Found a shadowy altar of Dithmenos.
  5228 | D:8      | Found a staircase to the Lair.
  5379 | D:8      | Reached skill level 1 in Fighting
  5379 | D:8      | Reached skill level 9 in Spellcasting
  5775 | D:8      | Found Qowuotwu's Food Shop.
  6391 | D:9      | Found Boxaf's Antique Armour Shop.
  6398 | D:9      | Bought a brightly glowing hat for 270 gold pieces
  6398 | D:9      | Bought a glowing scarf for 240 gold pieces
  6408 | D:9      | Identified the cursed +0 hat of Unambiguity {rPois SInv} (You bought it in a shop on level 9 of the Dungeon)
  6440 | D:9      | Found Ytuplekao's Armour Shoppe.
  6580 | D:9      | Found Boxumom's Assorted Antiques.
  6796 | D:9      | Learned a level 2 spell: Blink
  6800 | D:9      | Learned a level 3 spell: Mephitic Cloud
  6835 | D:9      | Found a basalt altar of Yredelemnul.
  6934 | D:9      | Noticed a troll
  6940 | D:9      | Killed a troll
  6940 | D:9      | Reached XP level 10. HP: 55/55 MP: 14/25
  6941 | D:9      | Found Wopy's Jewellery Shop.
  7273 | D:9      | Found a radiant altar of Vehumet.
  7399 | D:9      | Became a worshipper of Vehumet
  7423 | D:10     | Entered Level 10 of the Dungeon
  7474 | D:10     | Found a staircase to the Orcish Mines.
  7752 | D:10     | Reached * piety under Vehumet
  7752 | D:10     | Offered knowledge of Shock by Vehumet.
  7804 | D:10     | Reached skill level 5 in Stealth
  8263 | D:10     | Found a portal to a secret trove of treasure.
  8308 | Trove    | Entered a treasure trove
  8319 | Trove    | Identified Sif Muna's Papyrus of Creative Conjuration
  8328 | Trove    | Identified the Disquisition on Icy Evil
  8340 | Trove    | Identified Sif Muna's Catalogue of Curses and Necromancy
  8370 | Trove    | Identified Duyj's Grimoire of Icy Combat Magic
  8379 | Trove    | Identified Sif Muna's Reference Book on Damaging Companions
  8388 | Trove    | Identified the Reference Book on Enchanting Weightlessness
  8409 | Trove    | Learned a level 2 spell: Call Imp
  8444 | D:10     | Noticed a two-headed ogre
  8458 | D:10     | Killed a two-headed ogre
  8458 | D:10     | Reached skill level 10 in Spellcasting
  8715 | D:10     | Reached skill level 5 in Fighting
  9220 | D:11     | Noticed a gargoyle
  9403 | D:11     | Reached XP level 11. HP: 50/63 MP: 1/27
  9418 | D:10     | Reached skill level 5 in Summonings
  9964 | D:11     | Reached skill level 11 in Spellcasting
 10633 | D:11     | Noticed a three-headed hydra
 10648 | D:11     | Killed a three-headed hydra
 11214 | D:12     | Noticed a brown ugly thing
 11232 | D:12     | Noticed a red ugly thing
 11242 | D:12     | Killed a brown ugly thing
 11592 | D:12     | Learned a level 4 spell: Throw Icicle
 11623 | D:12     | Reached ** piety under Vehumet
 11624 | D:12     | Offered knowledge of Sandblast by Vehumet.
 11795 | D:12     | Noticed a red ugly thing
 11810 | D:12     | Killed a red ugly thing
 11992 | D:12     | Got a dazzling war axe {protect}
 11993 | D:12     | Identified the +6 war axe "Osiciepo" {protect, rC+ MR+ Str-5} (You took it off an orc on level 12 of the Dungeon)
 12001 | D:12     | Reached skill level 12 in Spellcasting
 12002 | D:12     | Noticed a death knight
 12029 | D:12     | Killed a death knight
 12337 | Lair:1   | Entered Level 1 of the Lair of Beasts
 12379 | Lair:1   | Reached XP level 12. HP: 23/71 MP: 14/30
 12612 | Lair:1   | Learned a level 5 spell: Summon Forest
 13057 | Lair:1   | Offered knowledge of Ignite Poison by Vehumet.
 13062 | Lair:1   | Learned a level 3 spell: Ignite Poison
 13482 | Lair:1   | Reached *** piety under Vehumet
 13482 | Lair:1   | Reached skill level 13 in Spellcasting
 13917 | Lair:2   | Offered knowledge of Olgreb's Toxic Radiance by Vehumet.
 14395 | Lair:2   | Got a dazzling ring mail
 14396 | Lair:2   | Identified the +1 ring mail "Gorilep" {MR+ Str+4 Dex-5 Slay+2} (You found it on level 2 of the Lair of Beasts)
 14805 | Lair:3   | Reached **** piety under Vehumet
 14805 | Lair:3   | Reached skill level 14 in Spellcasting
 15072 | Lair:3   | Learned a level 2 spell: Swiftness
 15236 | Lair:3   | Found a staircase to the Shoals.
 15238 | Lair:3   | Offered knowledge of Lee's Rapid Deconstruction by Vehumet.
 15712 | Lair:4   | Reached XP level 13. HP: 79/79 MP: 10/33
 15719 | Lair:4   | Found a staircase to the Snake Pit.
 16097 | Lair:4   | Reached skill level 15 in Spellcasting
 16392 | Lair:4   | Identified the +2 scale mail "Asoa" {rElec rCorr Dex-3 Stlth+} (You found it on level 4 of the Lair of Beasts)
 16474 | Lair:4   | Learned a level 3 spell: Regeneration
 16499 | Lair:4   | Reached skill level 10 in Fighting
 17552 | Lair:5   | Noticed Nessos
 17729 | Lair:5   | Reached ***** piety under Vehumet
 17729 | Lair:5   | Reached skill level 16 in Spellcasting
 17772 | Lair:5   | Offered knowledge of Bolt of Fire by Vehumet.
 17782 | Lair:5   | Learned a level 6 spell: Bolt of Fire
 18065 | Lair:5   | Killed Nessos
 18727 | Lair:6   | Entered Level 6 of the Lair of Beasts
 18962 | Lair:6   | Found a labyrinth entrance.
 19088 | Lair:6   | Reached skill level 17 in Spellcasting
 19133 | Lab      | Entered a labyrinth
 19306 | Lab      | Noticed a minotaur
 19316 | Lab      | Killed a minotaur
 19316 | Lab      | Reached XP level 14. HP: 61/89 MP: 37/37
 19635 | Lair:6   | Found a staircase to the Slime Pits.
 19678 | Lair:6   | Reached skill level 5 in Dodging
 20612 | Lair:6   | Found a large runed door.
 20613 | Lair:6   | Found a large runed door.
 20720 | Lair:6   | Reached skill level 10 in Fire Magic
 21519 | Orc:1    | Entered Level 1 of the Orcish Mines
 21669 | Orc:1    | Found Ukiusm Moela's Book Shop.
 21777 | Orc:1    | You fall through a shaft!
 21777 | Orc:2    | Entered Level 2 of the Orcish Mines
 21782 | Orc:2    | Found a roughly hewn altar of Beogh.
 21785 | Orc:2    | Offered knowledge of Bolt of Magma by Vehumet.
 22095 | Orc:2    | Reached skill level 1 in Polearms
 22339 | Orc:2    | Found a staircase to the Elven Halls.
 22493 | Orc:1    | Found a roughly hewn altar of Beogh.
 22754 | Orc:2    | Found Tumaipru's Antique Weapon Shoppe.
 22755 | Orc:2    | Found Jemeymon's Assorted Antiques.
 22756 | Orc:2    | Found Kubithoy's Magic Scroll Emporium.
 22759 | Orc:2    | Found Elyerot's Antique Armour Emporium.
 22764 | Orc:2    | Bought a scroll of teleportation for 45 gold pieces
 22765 | Orc:2    | Bought a twisted leather armour for 231 gold pieces
 22765 | Orc:2    | Identified the +6 leather armour "Aqioxziy" {rF++} (You bought it in a shop on level 2 of the Orcish Mines)
 23018 | D:12     | Reached skill level 10 in Conjurations
 23046 | D:12     | Identified a scroll of acquirement
 23100 | D:12     | Noticed a stone giant
 23115 | D:12     | Killed a stone giant
 23425 | D:13     | Found a gate to the Vaults.
 23432 | D:13     | Offered knowledge of Iskenderun's Battlesphere by Vehumet.
 23441 | D:13     | Reached skill level 18 in Spellcasting
 23680 | D:13     | Reached XP level 15. HP: 92/95 MP: 13/39
 23796 | D:13     | Found a burning altar of Makhleb.
 24255 | D:14     | Learned a level 5 spell: Iskenderun's Battlesphere
 24557 | D:14     | Reached skill level 1 in Charms
 24575 | D:14     | Reached skill level 1 in Ice Magic
 24688 | D:15     | Entered Level 15 of the Dungeon
 25146 | D:15     | Found a staircase to the Depths.
 25663 | Elf:1    | Entered Level 1 of the Elven Halls
 25668 | Elf:1    | Offered knowledge of Poison Arrow by Vehumet.
 25695 | Elf:1    | Learned a level 6 spell: Shadow Creatures
 25881 | Snake:1  | Entered Level 1 of the Snake Pit
 25881 | Snake:1  | Noticed Aizul
 25888 | Snake:1  | Killed Aizul
 26046 | Snake:1  | Noticed Donald
 26051 | Snake:1  | Killed Donald
 26051 | Snake:1  | Reached skill level 1 in Poison Magic
 26392 | Snake:1  | Found Miczyboe's Assorted Antiques.
 26401 | Snake:1  | Bought a lamp of fire for 1320 gold pieces
 26401 | Snake:1  | Found Achufofu's Antique Weapon Boutique.
 26642 | Snake:1  | Noticed Agnes
 26647 | Snake:1  | Killed Agnes
 27307 | Snake:2  | Found Wask's Antique Armour Shop.
 27457 | Snake:2  | Found Qaal's Distillery.
 27481 | Snake:2  | Reached XP level 16. HP: 100/100 MP: 3/40
 27624 | Snake:2  | Reached skill level 19 in Spellcasting
 27880 | Snake:2  | Reached skill level 1 in Evocations
 28083 | Snake:2  | Found Keregire's General Store.
 28415 | Snake:2  | Found Vacwuet's Armour Boutique.
 28514 | Snake:2  | Found Pud Urun's Weapon Shop.
 28722 | Snake:2  | Identified the cursed +0 buckler of the Imp {MR- Str+5} (You found it on level 2 of the Snake Pit)
 28963 | Shoals:1 | Entered Level 1 of the Shoals
 29014 | Shoals:1 | Reached skill level 10 in Summonings
 29094 | Shoals:1 | Offered knowledge of Ozocubu's Refrigeration by Vehumet.
 30121 | Shoals:2 | Noticed Nikola
 30126 | Shoals:2 | HP: 4/102 [Nikola/chain lightning (27)]
 30135 | Shoals:2 | Killed Nikola
 30350 | Shoals:2 | Noticed Polyphemus
 30354 | Shoals:2 | Reached skill level 5 in Evocations
 30358 | Shoals:2 | Killed Polyphemus
 30358 | Shoals:2 | Offered knowledge of Conjure Ball Lightning by Vehumet.
 30361 | Shoals:2 | Reached XP level 17. HP: 50/108 MP: 18/42
 30452 | Shoals:2 | Learned a level 5 spell: Summon Mana Viper
 31099 | Shoals:3 | Noticed Bai Suzhen
 31197 | Shoals:3 | Killed Bai Suzhen
 31745 | Shoals:4 | Entered Level 4 of the Shoals
 31923 | Snake:3  | Reached skill level 20 in Spellcasting
 33025 | Snake:3  | Noticed Vashnia
 33061 | Snake:3  | Killed Vashnia
 33353 | Snake:4  | Entered Level 4 of the Snake Pit
 33848 | Snake:4  | Noticed Mara
 33920 | Snake:4  | Noticed Roxanne
 33935 | Snake:4  | Noticed tsouns's illusion
 33935 | Snake:4  | Killed from afar by a nagaraja

Skill      XL: |  1  2  3  4  5  6  7  8  9 10 11 12 13 14 15 16 17 |
---------------+----------------------------------------------------+-----
Shields        | 1 2 4 |  4.1
Conjurations   | 2 3 4 6 7 8 10 11 12 13 | 13.5
Spellcasting   | 4 5 6 8 9 10 12 14 17 18 19 20 | 20.3
Fire Magic     | 4 5 7 8 9 10 12 13 | 13.8
Stealth        | 4 5 |  5.5
Fighting       | 3 5 7 9 11 12 13 | 13.0
Dodging        | 4 7 9 |  9.2
Summonings     | 4 6 8 9 10 11 | 11.4
Polearms       | 2 3 |  3.6
Charms         | 1 |  1.1
Ice Magic      | 1 |  1.0
Poison Magic   | 2 |  2.0
Evocations     | 5 7 |  7.5

Action                   |  1- 3 |  4- 6 |  7- 9 | 10-12 | 13-15 | 16-18 || total
-------------------------+-------+-------+-------+-------+-------+-------++-------
Melee: Dagger            |       |    30 |       |       |       |       ||    30
       Spear             |       |     5 |       |       |       |       ||     5
       Staff             |       |       |    12 |       |       |       ||    12
       Whip              |       |       |     5 |    32 |       |       ||    37
       Trident           |       |       |       |    65 |   100 |    45 ||   210
Throw: Stone             |       |       |       |     1 |       |       ||     1
 Cast: Flame Tongue      |    45 |   114 |   194 |   327 |   430 |    63 ||  1173
       Throw Flame       |     1 |     2 |    75 |   161 |    27 |       ||   266
       Sticky Flame      |       |     7 |    28 |   106 |   167 |    43 ||   351
       Conjure Flame     |       |     2 |     1 |     8 |     8 |     1 ||    20
       Fireball          |       |       |     1 |    32 |   105 |   128 ||   266
       Throw Icicle      |       |       |       |     7 |    85 |    25 ||   117
       Call Imp          |       |       |       |     4 |       |       ||     4
       Mephitic Cloud    |       |       |       |     1 |       |       ||     1
       Summon Forest     |       |       |       |     1 |     3 |       ||     4
       Bolt of Fire      |       |       |       |       |    97 |   206 ||   303
       Regeneration      |       |       |       |       |    31 |    24 ||    55
       Swiftness         |       |       |       |       |     1 |       ||     1
       Shadow Creatures  |       |       |       |       |     6 |    11 ||    17
       Iskenderun's Batt |       |       |       |       |     2 |       ||     2
       Summon Mana Viper |       |       |       |       |       |     1 ||     1
Evoke: Wand              |       |       |       |    10 |     3 |     5 ||    18
       Lamp of fire      |       |       |       |       |       |     2 ||     2
  Use: Scroll            |       |    12 |    14 |    19 |    20 |    10 ||    75
       Potion            |       |       |       |       |     1 |     5 ||     6
 Stab: Sleeping          |       |       |       |       |     3 |       ||     3
  Eat: Chunk             |       |     8 |    11 |    18 |    23 |     5 ||    65
       Ration            |       |       |     1 |     4 |     6 |     5 ||    16
Armor: Robe              |     8 |    16 |    28 |    69 |    64 |       ||   185
       Steam dragon scal |       |       |       |       |    17 |       ||    17
       Leather armour    |       |       |       |       |    68 |    65 ||   133
Dodge: Dodged            |     6 |    33 |    47 |   161 |   281 |   151 ||   679
Block: Buckler           |       |    13 |    43 |   102 |   105 |    76 ||   339
       Reflection        |       |       |     6 |     9 |       |       ||    15
